 Dungeon Sprint DCSS version 0.31-a0-43-g46d131a48f (webtiles) character file.

Game seed: 9648579631057417040

938 sircluck the Grappler (level 7, -15/121 HPs)
             Began as a Troll Berserker on May 19, 2023.
             Was a Believer of Trog.
             Demolished by a skeletal warrior
             ... wielding a +0 scimitar
              (22 damage)
             ... in the Dungeon (Sprint II: "The Violet Keep of Menkaure").
             The game lasted 00:00:42 (98 turns).

sircluck the Grappler (Troll Berserker)               Turns: 98, Time: 00:00:43

Health: -15/121    AC:  4    Str: 28    XL:     7   Next: 87%
Magic:  6/6        EV: 12    Int:  3    God:    Trog [**....]
Gold:   243        SH:  0    Dex:  9    Spells: 6/6 levels left

rFire   . .          .
                       - Unarmed
rCold   . . .        (no shield)
rNeg    . . .        a - +0 animal skin
rPois   .            (helmet restricted)
rElec   .            (no cloak)
rCorr   .            (gloves unavailable)
SInv    .            (boots unavailable)
Will    ++...        (no amulet) Stlth
                     (no ring)
HPRegen 2.20/turn    (no ring)
MPRegen 0.10/turn

%: no teleportation
@: berserking, strong-willed, regenerating, very quick
A: large, unfitting armour, claws 3, regeneration 1, shaggy fur 1, tough skin 1
a: Renounce Religion, Berserk, Trog's Hand


You were in the Dungeon.
You worshipped Trog.
Trog was pleased with you.
You visited 1 branch You collected 243 gold pieces.

Inventory:

Armour
 a - a +0 animal skin (worn)
Scrolls
 g - a scroll of blinking
Potions
 b - a potion of curing
 c - a potion of heal wounds
 d - a potion of haste
 e - 2 potions of magic
 f - a potion of berserk rage


   Skills:
 + Level 8.8 Fighting
 + Level 8.3 Dodging
 + Level 11.0 Unarmed Combat


You had 6 spell levels left.
You didn't know any spells.
Your spell library was empty.

Dungeon Overview and Level Annotations

Branches:
Dungeon (1/1)

Altars:

Shops:
D ([:[!=!=?:

Annotations:
D Kirke, Roxanne


Innate Abilities, Weirdness & Mutations

You are too large for most types of armour.
You have claws for hands.
Your natural rate of healing is unusually fast.
You are covered in fur. (AC +1)
You have tough skin. (AC +1)


Message History

The kobold demonologist shouts!
The yaktaur captain wields a +0 arbalest.
The yaktaur captain shoots a bolt.
The bolt hits you!!
The kobold demonologist looks satisfied for a moment.
Kirke moves out of view.
A wyvern comes into view.
The wyvern hisses angrily.
Unknown command.
Your skin crawls.
You feel strong-willed.
The kobold demonologist mumbles some strange words.
The yaktaur captain shoots a bolt.
The bolt hits you!!
* * * LOW HITPOINT WARNING * * *
A red film seems to cover your vision as you go berserk!
You feel yourself moving faster!
You feel mighty!
The yaktaur captain shoots a bolt.
The bolt completely misses you.
You feel a strong urge to attack something.
The kobold demonologist mumbles some strange words.
You hear an angry hiss.
You mangle the yaktaur captain!!
The yaktaur captain is moderately wounded.
The yaktaur captain unwields a +0 arbalest.
The yaktaur captain hits you!
* * * LOW HITPOINT WARNING * * *
The soul eater draws from the surrounding life force!
* * * LOW HITPOINT WARNING * * *
You claw the yaktaur captain!
The yaktaur captain is heavily wounded.
You claw the yaktaur captain! x2
You kill the yaktaur captain!
Trog accepts your kill.
Your Fighting skill gained 2 levels and is now at level 8!
Your Dodging skill gained 2 levels and is now at level 8!
Your Unarmed Combat skill gained 3 levels and is now at level 11!
You have reached level 7!
Unknown command.
Unknown command.
Unknown command.
The skeletal warrior hits you with a +0 scimitar!!
You die...

####+#### ##§~§~~~~##
##~~§~~~~.~## ####
+~.~~~8~.~~~#
#3cz####.§.~....§
#YK@@.~## ~~~.~
########~~#+++#+++##
#######~~~.†.......#
......#~~~~.##'##..#
..⌠...#~~~~##.#.##.####
.∩.∩..#~~~~#..#..#....#
∩.∩.∩.#~~#####†#####..#
.∩.∩.∩#~## #†# ##..
∩.....#~# ##.## #..


You could see Kirke, an elephant, a skeletal warrior, a soul eater (summoned), a
centaur warrior and a kobold demonologist.

Vanquished Creatures
  A yaktaur captain (D)
  A water moccasin (D)
  4 scorpions (D)
6 creatures vanquished.

Vanquished Creatures (others)
  Menkaure (D)
1 creature vanquished.

Grand Total: 7 creatures vanquished

Notes
Turn   | Place    | Note
-------+----------+-------------------------------------------
     0 | D        | sircluck the Troll Berserker began the quest for the Orb.
     0 | D        | Reached XP level 1. HP: 22/22 MP: 0/0
     1 | D        | Noticed a scorpion
     1 | D        | Noticed a scorpion
     1 | D        | Noticed a scorpion
     1 | D        | Noticed a scorpion
     5 | D        | Killed a scorpion
     6 | D        | Reached skill level 5 in Unarmed Combat
     6 | D        | Reached XP level 2. HP: 33/33 MP: 1/1
     6 | D        | Reached XP level 3. HP: 40/40 MP: 2/2
     8 | D        | Killed a scorpion
     9 | D        | Reached skill level 5 in Fighting
     9 | D        | Reached skill level 5 in Dodging
     9 | D        | Reached skill level 6 in Unarmed Combat
     9 | D        | Reached XP level 4. HP: 50/50 MP: 3/3
    11 | D        | Killed a scorpion
    11 | D        | Reached ** piety under Trog
    12 | D        | Reached skill level 7 in Unarmed Combat
    12 | D        | Reached XP level 5. HP: 59/59 MP: 4/4
    21 | D        | Identified Roxanne's Folio of Geology
    21 | D        | Noticed Roxanne
    21 | D        | Noticed a water moccasin
    24 | D        | Found Ykecupp's Magic Scroll Shoppe.
    24 | D        | Found Xuagg's Book Emporium.
    26 | D        | Killed a water moccasin
    27 | D        | Reached skill level 8 in Unarmed Combat
    27 | D        | Reached XP level 6. HP: 68/68 MP: 5/5
    27 | D        | Found Etimaf's Jewellery Emporium.
    28 | D        | Found Cocapnudui's Jewellery Shoppe.
    28 | D        | Found Paffithe's Distillery.
    29 | D        | Found Niett's Distillery.
    30 | D        | Found Ishren's Book Emporium.
    30 | D        | Found Aqesesk's Antique Armour Shoppe.
    31 | D        | Found Houkk's Antique Weapon Emporium.
    31 | D        | Found Sapp's Antique Armour Shoppe.
    34 | D        | Noticed a shining eye
    35 | D        | Noticed a shining eye
    45 | D        | Killed Menkaure
    51 | D        | Noticed an ice statue
    91 | D        | Noticed an elephant
    91 | D        | Noticed a centaur warrior
    91 | D        | Noticed Kirke
    91 | D        | Noticed a kobold demonologist
    91 | D        | Noticed a skeletal warrior
    91 | D        | Noticed a yaktaur captain
    91 | D        | Noticed a wyvern
    93 | D        | Noticed a soul eater
    95 | D        | HP: 2/102 [soul eater[a kobold demonologist] (21)]
    97 | D        | Killed a yaktaur captain
    98 | D        | Reached skill level 11 in Unarmed Combat
    98 | D        | Reached XP level 7. HP: 5/81 MP: 6/6
    98 | D        | Demolished by a skeletal warrior

Illustrated notes

Levels and vault maps discovered:
D:        the_violet_keep_of_menkaure [sprint2_stairs_cluster_1,
          sprint2_shoproom, sprint2_temple, sprint2_basic_supplies,
          sprint2_obstacle_2, sprint2_obstacle_1, sprint2_obstacle_6,
          sprint2_obstacle_5, sprint2_obstacle_7, sprint2_timed_cluster_1,
          sprint2_smallroom_cluster_1, sprint2_smallroom_final_cluster_1,
          sprint2_transparent_cluster_1, sprint2_second_timed_cluster_1,
          sprint2_sniper_area_1, sprint2_heavy_combat_area_1,
          sprint2_mutation_trap_area_1, sprint2_forest_area_1,
          sprint2_light_combat_area_1, sprint2_behind_water_1,
          sprint2_near_end_vault_1]

Skill      XL: |  1  2  3  4  5  6 |
---------------+-------------------+-----
Fighting       | 4 5 6 8 |  8.8
Dodging        | 4 5 6 8 |  8.3
Unarmed Combat | 5 6 7 8 11 | 11.0

Action                     |  1- 3 |  4- 6 |  7- 9 || total
---------------------------+-------+-------+-------++-------
  Melee: Unarmed           |     6 |    12 |       ||    18
         Punch             |       |     1 |       ||     1
 Invoke: Berserk           |     1 |     1 |       ||     2
         Trog's Hand       |       |     1 |       ||     1
 Armour: Animal skin       |       |     1 |       ||     1
  Dodge: Dodged            |     2 |     5 |       ||     7

Table legend: (Time is in decaauts)
 A = Elapsed time spent in this place.
 B = Non-inter-level travel time spent in this place.
 C = Inter-level travel time spent in this place.
 D = Time resting spent in this place.
 E = Time spent auto-exploring this place.
 F = Levels seen in this place.
 G = Mean time per level.
                   A        B        C        D        E       F      G
               +--------+--------+--------+--------+--------+-----+--------+
         Total |    104 |    104 |      0 |      0 |      1 |   1 |  104.0 |
       Dungeon |    104 |    104 |      0 |      0 |      1 |   1 |  104.0 |
               +--------+--------+--------+--------+--------+-----+--------+

Top non-repeatable levels by time:
       D: 104 daAuts
